 Dungeon Crawl Stone Soup version 0.28.0-62-gf88900778d (webtiles) character file.

Game seed: 15136422598634686582

23714 Coron the Protected (level 12, -9/114 HPs)
             Began as a Deep Dwarf Wanderer on Mar 19, 2023.
             Was a High Priest of Kikubaaqudgha.
             Mangled by a boulder beetle (43 damage)
             ... on level 12 of the Dungeon.
             The game lasted 01:32:18 (19622 turns).

Coron the Protected (Deep Dwarf Wanderer)          Turns: 19622, Time: 01:32:19

Health: -9/114     AC: 19    Str: 16    XL:     12   Next: 74%
Magic:  1/27 (18)  EV: 12    Int: 16    God:    Kikubaaqudgha [*****.]
Gold:   963        SH: 17    Dex: 14    Spells: 17/25 levels left

rFire   + . .      SeeInvis .   k - +9 lance "Wyrmbane" {slay drac, rPois rF+ rC+ AC+3}
rCold   + . .      Faith    .   T - +1 kite shield {AC+3}
rNeg    . . .      Spirit   .   B - +0 scale mail
rPois   +          Reflect  +   o - +0 helmet
rElec   .          Harm     .   (no cloak)
rCorr   .          Rampage  .   c - +1 pair of gloves
Will    +....                   (no boots)
Stlth   +.........              V - amulet of reflection
HPRegen 0.00/turn               K - ring of magical power
MPRegen 0.20/turn               S - +4 ring of evasion

@: no status effects
A: damage resistance, heal wounds, sense surroundings 2, no regeneration
a: Heal Wounds, Renounce Religion, Receive Corpses, Torment


You were on level 12 of the Dungeon.
You worshipped Kikubaaqudgha.
Kikubaaqudgha was extremely pleased with you.
You visited 2 branches of the dungeon, and saw 13 of its levels.
You also visited: Sewer and Ice Cave.

You collected 963 gold pieces.

Inventory:

Hand Weapons
 a - a +5 vorpal flail
 k - the +9 lance "Wyrmbane" (weapon) {slay drac, rPois rF+ rC+ AC+3}
   (You took it off Maggie on level 10 of the Dungeon)

   It inflicts extra damage against dragons and draconians.
   AC:        It affects your AC (+3).
   rF:        It protects you from fire.
   rC:        It protects you from cold.
   rPois:     It protects you from poison.
 v - a +0 hand crossbow
 y - a +3 dagger
 J - a +0 whip of flaming
 Q - a +2 flail of holy wrath
 U - a +1 hand axe of flaming
Missiles
 d - 78 sling bullets
 f - 301 stones
 u - 51 poisoned darts (quivered)
 x - 71 bolts
 R - a throwing net
Armour
 c - a +1 pair of gloves (worn)
 e - a +0 chain mail
 i - a +0 ring mail
 o - a +0 helmet (worn)
 A - a +0 plate armour
 B - a +0 scale mail (worn)
 T - a +1 kite shield of protection (worn)
Magical Staves
 P - a staff of earth
Jewellery
 j - a ring of ice
 m - a ring of poison resistance
 K - a ring of magical power (left hand)
 M - an amulet of guardian spirit
 S - a +4 ring of evasion (right hand)
 V - an amulet of reflection (around neck)
 X - a +4 ring of evasion
Wands
 E - a wand of flame (7)
 G - a wand of digging (9)
 L - a wand of iceblast (3)
Scrolls
 g - a scroll of enchant armour
 n - 9 scrolls of fear
 q - a scroll of holy word
 r - a scroll of magic mapping
 t - 6 scrolls of teleportation
 w - a scroll of summoning
 z - a scroll of blinking
 F - a scroll of enchant weapon
 I - a scroll of torment {unknown}
 N - 3 scrolls of amnesia
 Y - 2 scrolls of fog
Potions
 b - a potion of invisibility
 h - 5 potions of ambrosia
 l - 4 potions of haste
 p - a potion of mutation
 s - 5 potions of curing
 C - 2 potions of brilliance
 D - 2 potions of might
 H - 2 potions of cancellation
 W - a potion of flight


   Skills:
 - Level 9.0 Fighting
 - Level 2.0 Maces & Flails
 + Level 5.4 Polearms
 - Level 1.2 Throwing
 - Level 12.0 Armour
 - Level 2.0 Stealth
 - Level 9.0 Shields
 - Level 7.0 Spellcasting
 - Level 10.0 Necromancy
 - Level 2.2 Translocations
 - Level 2.2 Air Magic
 - Level 2.0 Evocations


You had 17 spell levels left.
You knew the following spells:

 Your Spells              Type           Power      Damage    Failure   Level
a - Shock                 Conj/Air       36%        1d5       45%         1
b - Vampiric Draining     Necr           37%        2d8       3%          3
c - Dispel Undead         Necr           37%        3d15      13%         4

Your spell library contained the following spells:

 Spells                   Type           Power      Damage    Failure   Level
 Animate Skeleton         Necr           74%        N/A       1%          1
 Sublimation of Blood     Necr           37%        N/A       1%          2
 Corpse Rot               Necr/Air       50%        N/A       10%         2
 Animate Dead             Necr           18%        N/A       13%         4
 Apportation              Tloc           24%        N/A       32%         1
 Agony                    Necr           37%        N/A       34%         5
 Excruciating Wounds      Necr           18%        N/A       34%         5
 Poisonous Vapours        Pois/Air       18%        N/A       58%         2
 Foxfire                  Conj/Fire      20%        2x1d5     61%         1
 Portal Projectile        Hex/Tloc       18%        N/A       83%         3
 Mephitic Cloud           Conj/Pois/Air  7%         N/A       87%         3
 Conjure Flame            Conj/Fire      5%         6-21      93%         3
 Ignite Poison            Fire/Tmut/Pois 5%         N/A       93%         3
 Inner Flame              Hex/Fire       5%         N/A       93%         3
 Tukima's Dance           Hex            5%         N/A       93%         3
 Borgnjor's Vile Clutch   Necr/Erth      10%        N/A       95%         5
 Airstrike                Air            6%         N/A       97%         4
 Passage of Golubria      Tloc           12%        N/A       97%         4
 Summon Lightning Spire   Summ/Air       9%         N/A       99%         4
 Flame Wave               Conj/Fire      5%         2d5       100%        4
 Freezing Cloud           Conj/Ice/Air   3%         6-21      100%        5
 Lightning Bolt           Conj/Air       4%         1d16      100%        5
 Yara's Violent Unravell  Hex/Tmut       2%         3d3       100%        5
 Simulacrum               Ice/Necr       10%        N/A       100%        6
 Haunt                    Necr/Summ      10%        N/A       100%        7
 Infestation              Necr           18%        N/A       100%        8


Dungeon Overview and Level Annotations

Branches:
Dungeon (12/15)            Temple (1/1) D:6            Lair (0/6) D:10
    Orc (0/2) D:10          Sewer (visited)           IceCv (visited)

Altars:
Ashenzari
Cheibriados
Dithmenos
Elyvilon
Fedhas
Gozag
Hepliaklqana
Kikubaaqudgha
Makhleb
Nemelex Xobeh
Okawaru
Qazlal
Ru
Sif Muna
Trog
Uskayaw
Vehumet
Wu Jian
Xom
Yredelemnul
Zin
The Shining One

Shops:
D:2 *   D:4 ?   D:11 (   D:12 :


Innate Abilities, Weirdness & Mutations

You are resistant to damage.
You can heal yourself by infusing magical energy.
You passively map the area around you.
You do not regenerate.


Message History

The boulder beetle is heavily wounded.
You block the orc's attack. The boulder beetle bites you.
You hit the boulder beetle.
The boulder beetle is heavily wounded.
You block the orc's attack.
The boulder beetle bites you but does no damage.
The orc throws a boomerang.
The boomerang hits you.
You hit the boulder beetle.
The boulder beetle is heavily wounded.
You block the orc's attack. The boulder beetle closely misses you.
You hit the boulder beetle but do no damage.
The boulder beetle is heavily wounded.
The orc throws a boomerang.
You reflect the boomerang off an invisible shield around you!
The boomerang hits the orc.
The orc barely misses you. The boulder beetle bites you!!
* * * LOW HITPOINT WARNING * * *
Casting: Vampiric Draining (mildly dangerous; 3% risk of failure)
Confirm with . or Enter, or press ? or * to list all spells.
Aiming: Vampiric Draining (mildly dangerous; 3% risk of failure)
Press: ? - help, Shift-Dir - straight line, f - orc
Aim: an orc, wielding a +0 dagger You draw life force from the orc!
You kill the orc!
Kikubaaqudgha accepts your kill.
You feel life coursing into your body. You block the boulder beetle's attack.
You puncture the boulder beetle!
The boulder beetle is heavily wounded.
You block the boulder beetle's attack.
You hit the boulder beetle.
The boulder beetle is severely wounded.
The boulder beetle leaps!
You puncture the orc!
You kill the orc!
Kikubaaqudgha accepts your kill.
A boulder beetle is nearby!
The boulder beetle curls into a ball and begins rolling!
The boulder beetle hits you!!!
You die...
Kikubaaqudgha rasps: "You have failed me!
Welcome... death!"

.#.# * * *
#..>....# .... ,
#.####.##
*○.#######*
###.####.#
#°......C
,..≈≈≈≈≈..# #°.#*
** * *#≈###≈..#
##.# #≈#∩#≈.##
#.# #≈#'#≈.# #.##
#≈≈.≈≈.# #..#
###@#).# ####C#
### #.B).# ...#.#
##.#####○.#
##.#.#
##○#.oo.°..#
##.#.#
##B###.###B##
..)#o####°##
##.##.#
..#'.##oo##
##)..#
...#.##.#.##
##>####
##.#.##.##.###.##


You could see a boulder beetle (rolling).

Vanquished Creatures
  A sphinx (D:12)
  Josephine (D:11)
  A hydra (D:12)
  A catoblepas (D:12)
  2 two-headed ogres
  A death yak (D:11)
  Urug (D:10)
  Pikel (D:5)
  An ugly thing (D:12)
  4 manticores (D:12)
  2 cyclopes (D:12)
  Maggie (D:10)
  A gargoyle (D:11)
  A rime drake (IceCv)
  2 kobold demonologists
  2 komodo dragons (D:12)
  2 polar bears (IceCv)
  A merfolk (D:12)
  2 trolls (D:12)
  Prince Ribbit (D:8)
  A slime creature (D:12)
  A shadow (D:12)
  A wyvern (D:9)
  A basilisk (D:12)
  A human (D:12)
  5 wraiths
  19 yaks
  2 steam dragons
  9 vampire mosquitoes
  Edmund (D:3)
  2 water moccasins
  An acid dragon (D:11)
  6 orc warriors
  A black bear (D:5)
  A sky beast (D:8)
  6 ogres
  A wolf (IceCv)
  5 centaurs
  3 phantoms
  Blork the orc (D:5)
  7 bullfrogs
  10 kobold brigands
  4 gnoll sergeants
  2 scorpions
  A wyvern zombie (D:6)
  A wyvern skeleton (D:7)
  6 killer bees (D:8)
  13 wights
  2 electric eels (D:11)
  3 howler monkeys (D:7)
  5 hounds
  A jelly (D:5)
  4 centaur zombies
  5 orc priests
  A bullfrog skeleton (D:6)
  3 iguanas
  12 orc wizards
  A killer bee zombie (D:7)
  2 hound zombies
  A howler monkey zombie (D:8)
  23 gnolls
  2 river rats (Sewer)
  10 adders
  A white imp (D:7)
  An adder skeleton (D:2)
  8 worms
  5 dart slugs
  50 orcs
  13 ball pythons
  9 endoplasms
  5 giant cockroaches
  14 goblins
  4 hobgoblins
  7 jackals
  5 bats
  28 kobolds
  12 rats
378 creatures vanquished.

Notes
Turn   | Place    | Note
-------+----------+-------------------------------------------
     0 | D:1      | Coron the Deep Dwarf Wanderer began the quest for the Orb.
     0 | D:1      | Coron set off with the following items: a +0 dagger, a +0
                  | robe, a +0 pair of gloves; and the following spells
                  | available to memorise: Apportation, Shock, Corpse Rot,
                  | Portal Projectile, Mephitic Cloud
     0 | D:1      | Reached XP level 1. HP: 15/15 MP: 3/3
   111 | D:1      | Learned a level 1 spell: Shock
   173 | D:1      | Reached XP level 2. HP: 17/22 MP: 0/4
   975 | D:2      | Reached skill level 1 in Fighting
   975 | D:2      | Reached skill level 1 in Armour
  1041 | D:2      | Reached XP level 3. HP: 31/31 MP: 3/5
  1259 | D:2      | Found Zatysan's General Store.
  1678 | D:2      | Reached skill level 2 in Armour
  2273 | D:2      | Reached XP level 4. HP: 38/38 MP: 4/6
  2429 | D:3      | Found an ancient bone altar of Kikubaaqudgha.
  2486 | D:3      | Became a worshipper of Kikubaaqudgha
  2626 | D:3      | Reached skill level 3 in Armour
  2731 | D:3      | Found a glowing drain.
  2735 | Sewer    | Entered a sewer
  2813 | Sewer    | Noticed a kobold brigand
  2863 | Sewer    | Killed a kobold brigand
  2864 | Sewer    | Reached skill level 4 in Armour
  2864 | Sewer    | Reached skill level 1 in Necromancy
  2864 | Sewer    | Reached XP level 5. HP: 25/44 MP: 2/7
  3257 | Sewer    | Reached XP level 6. HP: 40/56 MP: 1/7
  3709 | Sewer    | Reached * piety under Kikubaaqudgha
  3709 | Sewer    | Received a gift from Kikubaaqudgha
  4123 | D:3      | Reached XP level 7. HP: 22/64 MP: 9/9
  4326 | D:3      | Learned a level 3 spell: Vampiric Draining
  4812 | D:4      | Noticed Edmund
  4926 | D:3      | Killed Edmund
  5067 | D:3      | Reached skill level 5 in Necromancy
  5639 | D:4      | Found a bloodstained altar of Trog.
  5741 | D:4      | Reached ** piety under Kikubaaqudgha
  5843 | D:4      | Reached skill level 5 in Armour
  6038 | D:4      | Found Fosie's Magic Scroll Boutique.
  6064 | D:4      | Reached XP level 8. HP: 64/72 MP: 5/9
  6416 | D:5      | Entered Level 5 of the Dungeon
  7112 | D:5      | Noticed Blork the orc
  7357 | D:5      | Killed Blork the orc
  7621 | D:5      | Noticed Pikel
  7648 | D:5      | Killed Pikel
  7649 | D:5      | Reached skill level 1 in Maces & Flails
  7649 | D:5      | Gained mutation: You passively map the area around you.
                  | [Deep Dwarf growth]
  7649 | D:5      | Reached XP level 9. HP: 77/78 MP: 6/12
  7978 | D:6      | Reached skill level 6 in Armour
  8497 | D:6      | Reached skill level 5 in Spellcasting
  8590 | D:6      | Found a staircase to the Ecumenical Temple.
  8883 | Temple   | Entered the Ecumenical Temple
  8992 | D:6      | Found an opulent altar of Gozag.
  9045 | D:6      | Found a shadowy altar of Dithmenos.
  9490 | D:7      | Reached *** piety under Kikubaaqudgha
  9490 | D:7      | Received a gift from Kikubaaqudgha
  9641 | D:7      | Learned a level 4 spell: Dispel Undead
  9895 | D:7      | Reached skill level 10 in Necromancy
 10249 | D:7      | Reached skill level 5 in Fighting
 10394 | D:7      | Reached XP level 10. HP: 87/88 MP: 15/15
 11513 | D:8      | Reached skill level 5 in Shields
 11760 | D:8      | Reached skill level 7 in Armour
 11789 | D:8      | Noticed Prince Ribbit
 11815 | D:8      | Killed Prince Ribbit
 11818 | D:8      | Reached **** piety under Kikubaaqudgha
 12404 | D:9      | Found a sacrificial altar of Ru.
 12458 | D:9      | Noticed a two-headed ogre
 13097 | D:9      | Found an ornate altar of the Wu Jian Council.
 13385 | D:9      | Killed a two-headed ogre
 13386 | D:9      | Reached skill level 8 in Armour
 14297 | D:10     | Entered Level 10 of the Dungeon
 14406 | D:10     | Found a sparkling altar of Nemelex Xobeh.
 14625 | D:10     | Found a staircase to the Lair.
 14646 | D:10     | Found a glowing golden altar of the Shining One.
 14749 | D:10     | Noticed Urug
 14891 | D:10     | Reached XP level 11. HP: 94/94 MP: 17/17
 14942 | D:10     | Reached skill level 9 in Armour
 15060 | D:10     | Killed Urug
 15326 | D:10     | Reached skill level 10 in Armour
 15411 | D:10     | Noticed Maggie
 15437 | D:10     | Killed Maggie
 15437 | D:10     | Reached ***** piety under Kikubaaqudgha
 15665 | D:10     | Found a staircase to the Orcish Mines.
 15878 | D:10     | Identified the +7 dagger "Lycas" {pain, rN+ rCorr Stlth-}
 16062 | D:10     | Reached skill level 1 in Polearms
 16099 | D:11     | Noticed Josephine
 16203 | D:11     | Found a white marble altar of Elyvilon.
 16223 | D:11     | Found a frozen archway.
 16232 | IceCv    | Entered an ice cave
 16379 | IceCv    | Noticed a death yak
 16410 | IceCv    | Noticed a death yak
 16444 | D:11     | Killed a death yak
 16588 | D:11     | Found Oruidih's Weapon Boutique.
 16878 | D:11     | Reached skill level 11 in Armour
 17035 | D:11     | Killed Josephine
 17718 | D:12     | Reached XP level 12. HP: 92/109 MP: 9/18
 18318 | D:12     | Found Viargh's Book Shoppe.
 18675 | D:12     | Noticed a two-headed ogre
 18688 | D:12     | Killed a two-headed ogre
 18689 | D:12     | Reached skill level 5 in Polearms
 19042 | D:12     | Noticed a boulder beetle
 19234 | D:12     | Noticed a catoblepas
 19234 | D:12     | Noticed a sphinx
 19280 | D:12     | Killed a catoblepas
 19297 | D:12     | Killed a sphinx
 19349 | D:12     | Noticed a four-headed hydra
 19403 | D:12     | Killed a four-headed hydra
 19406 | D:12     | Reached skill level 12 in Armour
 19547 | D:12     | Noticed a boulder beetle
 19622 | D:12     | Mangled by a boulder beetle

Illustrated notes

Levels and vault maps discovered:
D:1:      dpeg_arrival_tiny_a, layout_basic
D:2:      layout_basic, serial_shops, shop
D:3:      layout_loops_ring, kiku_gazebo_pond_becter, gup_sewer_entry_spiral,
          minmay_ogre_servants
D:4:      layout_cave_pools, mainiacjoe_overflow_catwalk, serial_shops,
          kennysheep_little_box, minmay_divided_ellipse, uniq_edmund
D:5:      layout_loops_cross, minmay_between, uniq_pikel, uniq_blork_the_orc
D:6:      layout_cave_pods, mainiacjoe_overflow_swirl,
          minmay_temple_entry_ruins, item_on_display_a
D:7:      layout_basic
D:8:      layout_loops_ring, minmay_stone_trees_medium,
          minmay_fractal_squares_diagonal_5, uniq_prince_ribbit1
D:9:      layout_stronghold, nzn_wu_jian_council_hall,
          mainiacjoe_overflow_concentric_impassable
D:10:     layout_basic, nemelex_diamond_rough_becter,
          nicolae_tso_swordbearing_angel, lair_entry_dummy, david_orc_4,
          uniq_maggie, uniq_urug
D:11:     layout_basic, serial_shops, nicolae_shop_trees,
          portal_ice_cave_entry_pillars_1, elyvilon_altar_5, uniq_josephine
D:12:     minmay_the_grid_plus_closed [minmay_the_grid_square_x,
          minmay_the_grid_minigrid_small_alt, minmay_the_grid_doors,
          minmay_the_grid_minigrid_large, minmay_the_grid_prize_diamond_cup],
          layout_loops_ring, serial_shops, kennysheep_mini_moat,
          hangedman_stone_soup
Temple:   eino_temple_lava

Skill      XL: |  1  2  3  4  5  6  7  8  9 10 11 12 |
---------------+-------------------------------------+-----
Spellcasting   | 2 3 4 5 6 7 |  7.0
Evocations     | 2 |  2.0
Stealth        | 2 |  2.0
Fighting       | 1 3 4 5 7 9 |  9.0
Armour         | 1 2 4 5 6 8 11 12 | 12.0
Necromancy     | 1 2 3 5 8 10 | 10.0
Shields        | 4 8 9 |  9.0
Maces & Flails | 1 2 |  2.0
Polearms       | 3 5 |  5.4
Throwing       | |  1.2
Translocations | |  2.2
Air Magic      | |  2.2

Action                   |  1- 3 |  4- 6 |  7- 9 | 10-12 || total
-------------------------+-------+-------+-------+-------++-------
Melee: Dagger            |   129 |    78 |     9 |       ||   216
       Punch             |     4 |     1 |     1 |       ||     6
       Flail             |       |       |   172 |   391 ||   563
       Lance             |       |       |       |   111 ||   111
 Fire: Hand crossbow     |       |    16 |     1 |       ||    17
Throw: Dart              |       |    72 |    37 |    24 ||   133
       Stone             |       |     3 |       |       ||     3
 Cast: Shock             |    63 |    61 |     7 |     1 ||   132
       Vampiric Draining |       |       |   105 |   284 ||   389
       Dispel Undead     |       |       |     3 |    29 ||    32
 Abil: Heal Wounds       |     2 |     2 |     3 |     2 ||     9
Evoke: Wand              |       |       |       |    11 ||    11
  Use: Scroll            |     1 |     2 |     7 |    14 ||    24
       Potion            |       |     1 |       |     3 ||     4
 Stab: Sleeping          |       |     1 |     3 |       ||     4
       Paralysed         |       |       |       |    19 ||    19
       Petrified         |       |       |       |     5 ||     5
       Petrifying        |       |       |       |     2 ||     2
Armor: Robe              |    39 |       |       |       ||    39
       Leather armour    |    14 |    27 |   105 |    15 ||   161
       Ring mail         |       |       |       |   154 ||   154
       Scale mail        |       |       |       |   128 ||   128
Dodge: Dodged            |    81 |    70 |   159 |   422 ||   732
Block: Buckler           |       |       |    29 |    37 ||    66
       Kite shield       |       |       |       |   601 ||   601
       Reflection        |       |       |       |     9 ||     9
